AoeStats
← 真我,无我

Arena

506990800Analyzed
4v4 RM · 18d ago on Sep 16, 2026· 43m 43s· 8 players
Game mode
Random Map
Map size
Large (8 player)
Population
200
Speed
Normal
Resources
Standard
Victory
Conquest
Starting age
Dark Age
Ending age
Imperial Age
RankedLock teamsTeams togetherTeam positionsShared explorationLock speedFull tech treeHidden civsTurbo modeCheats
Victory
Defeat
🇨🇳 Persians · China
917
+14
821
+18
🇨🇱 Aztecs · Chile
813
+19
🇻🇳 Byzantines · Vietnam
796
+19
🇺🇸 Saracens · United States
958
-20
🇺🇸 Persians · United States
933
-20
🇺🇸 Muisca · United States
883
-18
🇨🇷 Goths · Costa Rica
730
-12
BoBo鸡之印第安走地鸡
0:39 Loom
13:30 Feudal Age
15:10 Wheelbarrow
14:44 Double-Bit Axe
14:57 Horse Collar
17:30 Castle Age
19:41 Hand Cart
19:49 Bow Saw
19:42 Heavy Plow
27:50 Gold Mining
27:55 Stone Mining
29:34 Gold Shaft Mining
31:29 Stone Shaft Mining
34:14 Imperial Age
32:08 Hand Cart
31:40 Town Watch
32:09 Husbandry
32:19 Bloodlines
33:29 Scale Barding Armor
33:35 Forging
34:57 Chain Barding Armor
34:52 Tusk Swords
34:51 Elite Battle Elephant
36:10 Iron Casting
36:14 Plate Barding Armor
36:03 Conscription
36:52 Crop Rotation
41:54 Blast Furnace
ChumaPrime
10:01 Feudal Age
10:48 Double-Bit Axe
11:07 Horse Collar
18:29 Castle Age
22:47 Wheelbarrow
22:46 Bow Saw
29:44 Imperial Age
27:01 Loom
27:30 Heavy Plow
29:11 Hand Cart
29:19 Hand Cart
29:20 Forging
29:05 Arson
31:52 Chemistry
31:13 Ballistics
31:33 Iron Casting
30:58 Scale Mail Armor
33:05 Gold Mining
33:06 Stone Mining
36:09 Elite Jaguar Warrior
36:30 Onager
39:00 Gold Shaft Mining
38:41 Siege Engineers
38:44 Scale Mail Armor
eppas123
0:37 Loom
9:52 Feudal Age
10:19 Horse Collar
10:55 Double-Bit Axe
18:11 Stone Mining
20:49 Castle Age
19:37 Scale Barding Armor
22:14 Gold Mining
23:02 Stone Shaft Mining
22:41 Bow Saw
25:01 Heavy Plow
29:00 Elite Skirmisher
31:18 Pikeman
32:11 Thumb Ring
38:04 Imperial Age
41:43 Elite Cataphract
真我,无我
2:09 Loom
11:40 Feudal Age
12:37 Horse Collar
12:46 Double-Bit Axe
19:14 Castle Age
17:17 Gold Mining
17:17 Stone Mining
19:21 Wheelbarrow
18:33 Town Watch
20:01 Bow Saw
20:01 Heavy Plow
20:53 Gold Shaft Mining
20:09 Stone Mining
20:51 Husbandry
21:02 Bloodlines
22:15 Bloodlines
23:05 Stone Shaft Mining
24:21 Hand Cart
24:42 Town Patrol
30:34 Imperial Age
29:11 Fletching
29:31 Forging
29:27 Scale Barding Armor
29:47 Ballistics
29:37 Padded Archer Armor
30:06 Bodkin Arrow
30:11 Crossbowman
31:00 Thumb Ring
31:58 Crop Rotation
32:31 Two-Man Saw
32:33 Conscription
32:41 Leather Archer Armor
33:37 Kamandaran
33:50 Citadels
34:53 Chemistry
34:27 Ring Archer Armor
35:15 Iron Casting
35:01 Chain Barding Armor
35:38 Elite War Elephant
37:24 Blast Furnace
39:35 Plate Barding Armor
39:02 Murder Holes
40:45 Scale Mail Armor
GhostyStar1527
4:07 Loom
11:48 Feudal Age
12:09 Horse Collar
13:09 Wheelbarrow
12:42 Double-Bit Axe
20:10 Castle Age
19:17 Stone Mining
21:33 Squires
21:58 Hand Cart
23:07 Bow Saw
23:19 Heavy Plow
24:44 Stone Shaft Mining
24:17 Scale Mail Armor
26:53 Forging
32:22 Imperial Age
30:43 Iron Casting
30:24 Chain Mail Armor
31:43 Fletching
31:53 Padded Archer Armor
31:17 Crossbowman
32:09 Thumb Ring
33:09 Elite Temple Guard
34:33 Plate Mail Armor
34:19 Leather Archer Armor
34:54 Arbalester
35:46 Bodkin Arrow
37:23 Huaracas
SuperGrizzly221
9:37 Feudal Age
10:03 Double-Bit Axe
13:30 Loom
16:27 Castle Age
18:09 Bow Saw
19:09 Stone Mining
20:31 Squires
19:52 Pikeman
20:33 Horse Collar
24:13 Scale Barding Armor
24:10 Scale Mail Armor
25:57 Forging
28:27 Murder Holes
31:22 Chain Barding Armor
32:21 Heavy Plow
35:49 Ballistics
35:42 Masonry
38:55 Imperial Age
40:45 Conscription
king
5:34 Loom
9:19 Feudal Age
9:48 Double-Bit Axe
9:44 Horse Collar
13:30 Wheelbarrow
14:34 Gold Mining
19:00 Castle Age
17:31 Forging
19:59 Bow Saw
20:31 Stone Mining
21:39 Hand Cart
22:46 Bloodlines
22:39 Husbandry
23:20 Iron Casting
22:54 Scale Barding Armor
23:37 Iron Casting
25:40 Heavy Plow
27:54 Gold Shaft Mining
31:39 Imperial Age
30:07 Caravan
31:20 Chain Barding Armor
33:21 Chemistry
33:29 Two-Man Saw
35:27 Plate Barding Armor
35:07 Elite Mameluke
Wobbuffet3383
0:41 Loom
1:53 Loom
2:37 Loom
12:53 Feudal Age
13:57 Double-Bit Axe
13:55 Horse Collar
19:13 Castle Age
18:49 Gold Mining
18:59 Stone Mining
23:13 Forging
33:28 Imperial Age
32:10 Anarchy
32:26 Pikeman
33:06 Squires
36:48 Chemistry
37:39 Ballistics
38:15 Wheelbarrow
37:26 Town Watch
42:54 Perfusion
43:16 Conscription
42:27 Sappers
Connection lost

Rejoining the realm…

Still unreachable

The connection could not be restored.

Session expired

The server has moved on; the page needs a fresh start.